 Dungeon Crawl Stone Soup version 0.32-a0-30-gefbe487952 (webtiles) character file.

Game seed: 17711027704180564631

12364 anacleto the Mimic (level 11, -13/105 HPs)
             Began as a Troll Shapeshifter on Jan 20, 2024.
             Was a Priest of the Shining One.
             Mangled by a two-headed ogre
             ... wielding a +0 giant club
              (16 damage)
             ... on level 11 of the Dungeon.
             The game lasted 00:22:05 (9688 turns).

anacleto the Mimic (Troll Shapeshifter)             Turns: 9688, Time: 00:22:07

Health: -13/105    AC:  2    Str: 34    XL:     11   Next: 61%
Magic:  14/14      EV: 15    Int:  6    God:    the Shining One [***...]
Gold:   175        SH:  0    Dex:  9    Spells: 10/10 levels left

rFire   . .          .
                       - Unarmed
rCold   . . .        (shield currently unavailable)
rNeg    + . .        E - melded +2 robe {rC+}
rPois   +            (helmet restricted)
rElec   .            (no cloak)
rCorr   .            (gloves unavailable)
SInv    .            (boots unavailable)
Will    .....        (no amulet)
Stlth   +            o - +6 ring of strength
HPRegen 1.17/turn    l - ring of poison resistance
MPRegen 0.14/turn

%: no passive effects
@: flux-form, glowing
A: glow, contaminating, large, unfitting armour, claws 3, regeneration 1, shaggy
fur 1, tough skin 1
a: Begin Untransformation, Renounce Religion, Divine Shield, Cleansing Flame


You were on level 11 of the Dungeon.
You worshipped the Shining One.
The Shining One was most pleased with you.
You were something dangerously unstable.
You visited 1 branch of the dungeon, and saw 12 of its levels.
You also visited: Ossuary.

You collected 422 gold pieces.
You spent 247 gold pieces at shops.

Inventory:

Missiles
 n - 6 javelins (quivered)
 v - 30 poisoned darts
 C - 6 datura-tipped darts
 I - 4 atropa-tipped darts
 N - 4 curare-tipped darts
 P - 3 large rocks
 Q - 3 boomerangs
 R - 6 darts of dispersal
 S - 2 throwing nets
Armour
 E - a +2 robe of cold resistance (melded)
Jewellery
 l - a ring of poison resistance (right claw)
 o - a +6 ring of strength (left claw)
 q - a ring of positive energy
 x - a ring of protection from fire
Talismans
 c - a beast talisman
 d - a flux talisman (active)
Wands
 u - a wand of light (8)
 F - a wand of mindburst (5)
 J - a wand of polymorph (20)
 K - a wand of paralysis (10)
 M - a wand of iceblast (7)
Scrolls
 a - 3 scrolls of identify
 i - 3 scrolls of noise
 j - 5 scrolls of vulnerability
 k - 4 scrolls of poison
 r - 3 scrolls of teleportation
 w - 3 scrolls of enchant armour
 y - 3 scrolls of butterflies
 A - 2 scrolls of fog
 D - 2 scrolls of enchant weapon
 G - a scroll of fear
 L - 2 scrolls of revelation {unknown}
Potions
 b - 2 potions of lignification
 e - 3 potions of enlightenment {unknown}
 f - 6 potions of curing
 g - 4 potions of heal wounds {unknown}
 h - a potion of resistance {unknown}
 m - 5 potions of mutation {unknown}
 p - a potion of invisibility {unknown}
 s - a potion of attraction {unknown}
 t - 4 potions of haste {unknown}
 z - 2 potions of brilliance {unknown}
 B - 2 potions of might {unknown}
 H - 2 potions of cancellation {unknown}
 O - 2 potions of berserk rage {unknown}


   Skills:
 + Level 6.1 Fighting
 + Level 6.4 Throwing
 + Level 6.1 Dodging
 + Level 7.8 Unarmed Combat
 + Level 6.0 Invocations
 * Level 9.8 Shapeshifting


You had 10 spell levels left.
You didn't know any spells.
Your spell library contained the following spells:

 Spells                   Type           Power      Damage    Failure   Level
 Sandblast                Erth           0%         2d4       45%         1
 Summon Small Mammal      Summ           0%         N/A       45%         1
 Cigotuvi's Dreadful Rot  Necr/Alch/Air  0%         N/A       58%         2
 Scorch                   Fire           0%         2d5       58%         2
 Static Discharge         Conj/Air       0%         3-3/arc   58%         2
 Call Canine Familiar     Summ           0%         N/A       83%         3
 Dazzling Flash           Conj/Hex       0%         N/A       83%         3
 Mephitic Cloud           Conj/Alch/Air  0%         N/A       83%         3
 Vampiric Draining        Necr           0%         2d6       83%         3
 Airstrike                Air            0%         2d(0-16)  99%         4
 Brom's Barrelling Bould  Conj/Erth      0%         2d3       99%         4
 Ignite Poison            Fire/Alch      0%         N/A       99%         4
 Summon Blazeheart Golem  Fire/Summ      0%         N/A       99%         4
 Summon Lightning Spire   Summ/Air       0%         N/A       99%         4
 Curse of Agony           Necr           0%         N/A       100%        5
 Freezing Cloud           Conj/Ice/Air   0%         6-21      100%        5
 Silence                  Hex/Air        0%         N/A       100%        5
 Yara's Violent Unravell  Hex/Alch       0%         3d3       100%        5
 Lehudib's Crystal Spear  Conj/Erth      0%         10d2      100%        8


Dungeon Overview and Level Annotations

Branches:
Dungeon (12/15)            Temple (0/1) D:4            Lair (0/5) D:9
    Orc (0/2) D:11        Ossuary (visited)

Altars:
Ashenzari
Cheibriados
Dithmenos
Elyvilon
Gozag
Hepliaklqana
Makhleb
Nemelex Xobeh
Okawaru
Ru
Sif Muna
Trog
Uskayaw
Xom
Yredelemnul
The Shining One

Shops:
D:5 :   D:6 ?   D:10 [


Innate Abilities, Weirdness & Mutations

You are something dangerously unstable.
You glow with magical radiation, making you easy to see and hit.
Foes you strike become dangerously contaminated with magical radiation.
You are incapable of wielding weapons or throwing items.
You are too large for most types of armour.
You have claws for hands.
Your natural rate of healing is unusually fast.
You are covered in fur. (AC +1)
You have tough skin. (AC +1)


Message History

The Shining One accepts your kill.
You feel better.
You see here a +0 club.
You see here a +0 club.
There is an open door, spattered with blood here.
Items here: )) [ †.
Things that are here:
a +0 flail; a +0 leather armour; an orc corpse
Found a halberd.
v - 30 poisoned darts (gained 6)
J - a wand of polymorph (20) (gained 5 charges)
A two-headed ogre comes into view. It is wielding two +0 giant clubs.
The two-headed ogre shouts in stereo!
There are no items here.
The two-headed ogre hits you with a +0 giant club!!
The two-headed ogre misses you.
You claw the two-headed ogre!
The two-headed ogre begins to glow.
The two-headed ogre is moderately wounded.
You claw the two-headed ogre!
The two-headed ogre glows dangerously bright.
The two-headed ogre is heavily wounded.
The two-headed ogre hits you with a +0 giant club!
The two-headed ogre hits you with a +0 giant club!!
You claw the two-headed ogre!
The two-headed ogre shudders as magic cascades through it.
The two-headed ogre twists and deforms.
The two-headed ogre is almost dead.
The two-headed ogre hits you with a +0 giant club!
* * * LOW HITPOINT WARNING * * *
The two-headed ogre hits you with a +0 giant club!
* * * LOW HITPOINT WARNING * * *
You scratch the two-headed ogre.
The two-headed ogre begins to glow.
The two-headed ogre is almost dead.
You scratch the two-headed ogre.
The two-headed ogre glows dangerously bright.
The two-headed ogre is almost dead.
The two-headed ogre hits you with a +0 giant club!
* * * LOW HITPOINT WARNING * * *
The two-headed ogre hits you with a +0 giant club!
You die...

............................#
.......#.#.#.#..............#
#................
.......#.#.#.#.#######
......................
.......#.#)#.#........
......................
.......#.#.#.#........
.............pO......
........#............
#####################


You could see a two-headed ogre (heavy contam, misshapen).

Vanquished Creatures
  5 two-headed ogres
  A troll (D:10)
  Prince Ribbit (D:5)
  6 slime creatures (D:11)
  Sigmund (D:6)
  A shadow (D:6)
  2 wyverns (D:9)
  6 yaks
  Eustachio (D:5)
  A wraith (D:11)
  4 vampire mosquitoes
  2 steam dragons
  Edmund (D:4)
  4 water moccasins (D:6)
  Duvessa (D:5)
  5 black bears
  An ogre (D:6)
  6 orc warriors
  3 ice beasts
  9 centaurs
  3 phantoms
  2 weeping skulls (Ossuary)
  2 kobold brigands
  Blork the orc (D:6)
  A gnoll sergeant (D:6)
  4 bullfrogs
  A scorpion (D:7)
  Dowan (D:5)
  11 killer bees
  5 jellies
  7 howler monkeys
  A bombardier beetle (D:6)
  A hound (D:6)
  A human zombie (Ossuary)
  4 orc priests
  4 iguanas
  2 sleepcaps (D:6)
  Ijyb (D:4)
  10 orc wizards
  4 mummies (Ossuary)
  6 adders
  7 gnolls
  A shadow imp (D:6)
  2 white imps
  2 ufetubi (D:4)
  2 ribbon worms
  34 orcs
  4 bats
  5 endoplasms
  3 giant cockroaches
  3 gnoll zombies (Ossuary)
  6 goblins
  12 hobgoblins
  2 jackals (D:3)
  7 quokkas
  7 ball pythons
  2 frilled lizards
  17 kobolds
  A kobold zombie (Ossuary)
  3 orc zombies (Ossuary)
  3 rats
256 creatures vanquished.

Notes
Turn   | Place    | Note
-------+----------+-------------------------------------------
     0 | D:1      | anacleto the Troll Shapeshifter began the quest for the
                  | Orb.
     0 | D:1      | Reached XP level 1. HP: 18/18 MP: 0/0
   183 | D:1      | Reached skill level 1 in Fighting
   224 | D:1      | Reached XP level 2. HP: 27/27 MP: 1/1
   652 | D:2      | Identified the +7 sling of Leff {elec, Dex+2}
   689 | D:2      | Reached XP level 3. HP: 33/33 MP: 2/2
  1220 | D:3      | Found a hazy altar of Hepliaklqana.
  1221 | D:3      | Found a shimmering altar of Xom.
  1221 | D:3      | Noticed a brown ugly thing
  1222 | D:3      | Noticed a spectral ugly thing
  1222 | D:3      | Noticed a green ugly thing
  1275 | D:3      | Found a sacrificial altar of Ru.
  1291 | D:3      | Reached XP level 4. HP: 41/41 MP: 3/3
  1351 | D:3      | Reached skill level 1 in Throwing
  1351 | D:3      | Reached skill level 4 in Shapeshifting
  1351 | D:3      | Reached XP level 5. HP: 35/49 MP: 4/4
  1538 | D:3      | Found an opulent altar of Gozag.
  1539 | D:3      | Found a sparkling altar of Nemelex Xobeh.
  1791 | D:3      | Found a glowing golden altar of the Shining One.
  1942 | D:3      | Became a worshipper of the Shining One
  2037 | D:4      | Noticed Ijyb
  2043 | D:4      | Killed Ijyb
  2054 | D:4      | Reached XP level 6. HP: 57/57 MP: 5/5
  2094 | D:4      | Reached skill level 1 in Invocations
  2117 | D:4      | Identified the +3 leather armour of Restlessness {rF+++ rC+
                  | rN+ Slay-6}
  2117 | D:4      | Noticed Edmund
  2125 | D:4      | Killed Edmund
  2192 | D:4      | Reached XP level 7. HP: 61/66 MP: 5/7
  2272 | D:4      | Found a staircase to the Ecumenical Temple.
  2475 | D:5      | Entered Level 5 of the Dungeon
  2563 | D:5      | Reached skill level 5 in Shapeshifting
  2582 | D:5      | Got Sif Muna's Octavo of Ashen Nightshade
  2588 | D:5      | Noticed Eustachio
  2638 | D:5      | Killed Eustachio
  2709 | D:5      | Found a sand-covered staircase.
  2726 | Ossuary  | Entered an ossuary
  2740 | Ossuary  | Reached * piety under the Shining One
  2840 | Ossuary  | Reached XP level 8. HP: 62/75 MP: 8/8
  2913 | Ossuary  | Reached ** piety under the Shining One
  2994 | D:5      | Noticed Dowan
  2995 | D:5      | Noticed Duvessa
  3002 | D:5      | Killed Duvessa
  3010 | D:5      | Found Jueqy's Tremendous Tomes.
  3014 | D:5      | Killed Dowan
  3060 | D:5      | Reached skill level 5 in Unarmed Combat
  3169 | D:5      | Noticed Prince Ribbit
  3175 | D:5      | Reached skill level 6 in Shapeshifting
  3190 | D:5      | Killed Prince Ribbit
  4000 | D:6      | Reached XP level 9. HP: 44/84 MP: 10/10
  4075 | D:6      | Noticed Sigmund
  4081 | D:6      | Killed Sigmund
  4259 | D:6      | Found Oluijogu's Magic Scroll Boutique.
  4329 | D:6      | Reached skill level 7 in Shapeshifting
  4364 | D:6      | Noticed Blork the orc
  4383 | D:6      | Killed Blork the orc
  4495 | D:6      | Found an iron altar of Okawaru.
  4687 | D:6      | Found a burning altar of Makhleb.
  5005 | D:6      | Bought a scroll of teleportation for 33 gold pieces
  5005 | D:6      | Bought a scroll of blinking for 82 gold pieces
  5005 | D:6      | Bought a scroll of fear for 44 gold pieces
  5005 | D:6      | Bought a scroll of butterflies for 44 gold pieces
  5005 | D:6      | Bought a scroll of butterflies for 44 gold pieces
  5426 | D:7      | Found a basalt altar of Yredelemnul.
  5625 | D:7      | Found a white marble altar of Elyvilon.
  5820 | D:8      | Reached XP level 10. HP: 88/94 MP: 12/12
  5880 | D:8      | Noticed a two-headed ogre
  5891 | D:8      | Killed a two-headed ogre
  5892 | D:8      | Reached skill level 5 in Throwing
  5892 | D:8      | Reached skill level 8 in Shapeshifting
  5992 | D:8      | Reached skill level 5 in Dodging
  6364 | D:7      | Reached skill level 5 in Fighting
  6714 | D:9      | Reached skill level 5 in Invocations
  6964 | D:9      | Identified the +5 hand axe "Grim Tooth" {speed, rN+ Will+
                  | Int+3}
  6971 | D:9      | Identified the +10 hand axe "Deytro" {venom, Str+2}
  7051 | D:9      | Found a staircase to the Lair.
  7370 | D:10     | Entered Level 10 of the Dungeon
  7492 | D:10     | Noticed a two-headed ogre
  7504 | D:10     | Killed a two-headed ogre
  7562 | D:10     | Found a shimmering blue altar of Sif Muna.
  7571 | D:10     | Found a shadowy altar of Dithmenos.
  7572 | D:10     | Found a snail-covered altar of Cheibriados.
  7573 | D:10     | Found a hide-covered altar of Uskayaw.
  7575 | D:10     | Found a broken altar of Ashenzari.
  7603 | D:10     | Reached *** piety under the Shining One
  7611 | D:10     | Reached skill level 9 in Shapeshifting
  7696 | D:10     | Found Fagookk's Armour Emporium.
  7715 | D:10     | Found a bloodstained altar of Trog.
  7831 | D:10     | Reached XP level 11. HP: 92/104 MP: 13/13
  8287 | D:11     | Got the Treatise on the Burnt Jinx
  8324 | D:11     | Identified the +0 leather armour of Heresy {rPois rCorr}
  8970 | D:11     | Noticed a two-headed ogre
  8994 | D:10     | Killed a two-headed ogre
  9067 | D:12     | Noticed a two-headed ogre
  9074 | D:12     | Killed a two-headed ogre
  9347 | D:11     | Noticed a two-headed ogre
  9359 | D:11     | Killed a two-headed ogre
  9603 | D:11     | Found a staircase to the Orcish Mines.
  9680 | D:11     | Noticed a two-headed ogre
  9688 | D:11     | HP: 3/105 [two-headed ogre/+0 giant club (16)]
  9688 | D:11     | Mangled by a two-headed ogre

Illustrated notes

Levels and vault maps discovered:
D:1:      psy_arrival_radial01, layout_basic
D:2:      layout_basic, nrook_campfire
D:3:      layout_basic, grunt_temple_overflow_opulence,
          regret_index_temple_of_mockery, nicolae_ru_great_annihilating_truth,
          tso_altar, grunt_decor_arrowhead
D:4:      layout_cave_pools, minmay_temple_entry_tees, nicolae_zig_zag_zippers,
          uniq_edmund, uniq_ijyb
D:5:      layout_basic, chequers_ossuary_entry_cave, serial_aquarium,
          aquarium_bridge_square [aquarium_subvault_balcony,
          aquarium_subvault_balcony, aquarium_subvault_window,
          aquarium_subvault_bridge], aquarium_bridge_long_separate
          [aquarium_subvault_bridge, aquarium_subvault_bridge,
          aquarium_subvault_wall, aquarium_subvault_wall,
          aquarium_subvault_bridge, aquarium_subvault_window],
          aquarium_window_1, aquarium_window_corridor_2, aquarium_window_corner,
          aquarium_view_2d, aquarium_balcony_3a, nicolae_shop_i_like_big_books,
          uniq_eustachio, uniq_prince_ribbit1, uniq_duvessa
D:6:      minmay_clustersquares, layout_basic, kennysheep_little_box,
          kennysheep_okawaru_gauntlet, nicolae_inconvenience_store,
          grunt_ministairs_7, uniq_sigmund, uniq_blork_the_orc
D:7:      layout_loops_ring, kennysheep_ying_yang, grunt_decor_one_mirror
D:8:      layout_cave_pools
D:9:      layout_loops_ring, lair_entry_dummy, evilmike_butchery
D:10:     layout_roguey, trog_hazing_becter, lemuel_round_altar,
          chequers_temple_overflow_statue_of_worship, serial_shops, shop
D:11:     layout_grid_maze, minmay_orc_entry_temple_small, serial_glass,
          glass_columns_c, glass_columns_c, feat_on_display,
          due_unseen_surprise, feat_on_display
D:12:     layout_basic

Skill      XL: |  1  2  3  4  5  6  7  8  9 10 11 |
---------------+----------------------------------+-----
Fighting       | 1 2 3 4 5 6 |  6.1
Dodging        | 2 3 4 5 6 |  6.1
Throwing       | 1 2 3 4 5 6 |  6.4
Shapeshifting  | 4 5 6 7 9 |  9.8
Unarmed Combat | 4 5 6 7 |  7.8
Invocations    | 1 2 3 4 5 6 |  6.0

Action                     |  1- 3 |  4- 6 |  7- 9 | 10-12 || total
---------------------------+-------+-------+-------+-------++-------
  Melee: Unarmed           |    68 |    94 |   250 |   265 ||   677
         Punch             |     1 |     1 |    12 |     6 ||    20
  Throw: Javelin           |       |       |     2 |       ||     2
 Invoke: Divine Shield     |       |       |       |     1 ||     1
Ability: Begin Untransform |       |       |     1 |     1 ||     2
  Evoke: Wand              |       |       |     1 |    12 ||    13
    Use: Scroll            |       |       |     9 |     4 ||    13
         Potion            |       |       |       |     3 ||     3
   Stab: Sleeping          |     1 |       |       |       ||     1
         Paralysed         |     1 |       |       |       ||     1
 Armour: Animal skin       |    57 |    54 |   114 |       ||   225
         Robe              |       |       |    72 |   152 ||   224
         Skin              |       |       |       |   186 ||   186
  Dodge: Dodged            |    41 |    53 |   112 |   260 ||   466
  Block: Other             |       |       |       |     1 ||     1
   Form: Beast             |       |       |     1 |       ||     1
         Flux              |       |       |       |     1 ||     1

Table legend: (Time is in decaauts)
 A = Elapsed time spent in this place.
 B = Non-inter-level travel time spent in this place.
 C = Inter-level travel time spent in this place.
 D = Time resting spent in this place.
 E = Time spent auto-exploring this place.
 F = Levels seen in this place.
 G = Mean time per level.
                   A        B        C        D        E       F      G
               +--------+--------+--------+--------+--------+-----+--------+
         Total |   9628 |   9101 |    527 |   1087 |   5821 |  13 |  740.6 |
       Dungeon |   9390 |   8863 |    527 |   1087 |   5740 |  12 |  782.5 |
       Ossuary |    238 |    238 |      0 |      0 |     81 |   1 |  238.0 |
               +--------+--------+--------+--------+--------+-----+--------+

Top non-repeatable levels by time:
     D:5: 1285 daAuts
    D:10: 1108 daAuts
     D:6: 1083 daAuts
    D:11: 950 daAuts
     D:7: 870 daAuts
     D:9: 851 daAuts
     D:3: 799 daAuts
     D:2: 596 daAuts
     D:1: 576 daAuts
     D:8: 534 daAuts
     D:4: 491 daAuts
    D:12: 244 daAuts
 Ossuary: 238 daAuts
